 Dungeon Crawl Stone Soup version 0.27-a0-972-gd1521fd518 (webtiles) character file.

Game seed: 6513883633027042779

2243 kae the Ruffian (level 9, -3/66 (86) HPs)
             Began as a Red Draconian Transmuter on Apr 13, 2021.
             Was an Initiate of Ru.
             Slain by a wight
             ... wielding a +4 war axe
              (17 damage)
             ... on level 5 of the Dungeon.
             The game lasted 00:05:12 (8747 turns).

kae the Ruffian (Red Draconian Transmuter)          Turns: 8747, Time: 00:05:13

HP:   -3/66 (86)    AC:  6    Str: 12    XL:     9   Next: 14%
MP:   21/24         EV: 10    Int: 18    God:    Ru [......]
Gold: 273           SH:  0    Dex: 11    Spells: 3/16 levels left

rFire    x . .     SeeInvis .     - Unarmed
rCold    + + +     Faith    .   (shield currently unavailable)
rNeg     . . .     Spirit   .   (armour unavailable)
rPois    +         Reflect  .   (helmet currently unavailable)
rElec    .         Harm     .   (cloak currently unavailable)
rCorr    .         Rampage  .   (gloves currently unavailable)
Will     .....                  (boots currently unavailable)
Stlth    +.........             (no amulet)
HPRegen  0.21/turn              c - ring of magical power
MPRegen  0.19/turn              (no ring)

@: ice-form, heavily drained
A: freezing attack, amphibious, boosted hp, (breathe fire), AC +7, large,
unfitting armour, (fire resistance 1), (cold-blooded)
a: End Transformation, Renounce Religion


You were on level 5 of the Dungeon.
You worshipped Ru.
Ru was noncommittal.
You were a creature of crystalline ice.
You visited 2 branches of the dungeon, and saw 7 of its levels.

You collected 273 gold pieces.

Inventory:

Missiles
 a - 3 atropa-tipped darts
Jewellery
 c - a ring of magical power (left front paw)
 g - a ring of magical power
Wands
 f - a wand of digging (6)
 l - a wand of flame (22)
 r - a wand of iceblast (9)
Scrolls
 e - a scroll of vulnerability {unknown}
 k - 3 scrolls of identify
 m - a scroll of amnesia
 o - 2 scrolls of teleportation
 p - a scroll of holy word {unknown}
Potions
 d - 3 potions of curing
 h - 2 potions of resistance
 i - a potion of lignification
 j - 2 potions of ambrosia {unknown}
 n - a potion of cancellation {unknown}
 q - a potion of flight {unknown}


   Skills:
 + Level 4.7 Fighting
 + Level 4.1 Dodging
 * Level 6.7 Unarmed Combat
 + Level 4.2 Spellcasting
 * Level 6.4 Transmutations
 - Level 3.0 Ice Magic
 - Level 2.0 Poison Magic


You had 3 spell levels left.
You knew the following spells:

 Your Spells              Type           Power      Damage    Failure   Level
a - Beastly Appendage     Tmut           52%        N/A       1%          1
b - Spider Form           Tmut/Pois      9%         N/A       8%          3
c - Ice Form              Ice/Tmut       20%        N/A       21%         4
d - Hydra Form            Tmut           13%        N/A       28%         5

Your spell library contained the following spells:

 Spells                   Type           Power      Damage    Failure   Level
 Wereblood                Tmut           26%        N/A       1%          2
 Ensorcelled Hibernation  Hex/Ice        18%        N/A       12%         2
 Corona                   Hex            3%         N/A       14%         1
 Magic Dart               Conj           12%        1d3       14%         1
 Searing Ray              Conj           6%         3d3       22%         2
 Confusing Touch          Hex            3%         N/A       41%         3
 Dazzling Flash           Conj/Hex       6%         N/A       41%         3
 Tukima's Dance           Hex            3%         N/A       41%         3
 Fulminant Prism          Conj/Hex       1%         3d6       82%         4
 Iskenderun's Mystic Bla  Conj/Tloc      3%         2d3       82%         4


Dungeon Overview and Level Annotations

Branches:
Dungeon (6/15)             Temple (1/1) D:5

Altars:
Ashenzari
Dithmenos
Elyvilon
Fedhas
Gozag
Hepliaklqana
Kikubaaqudgha
Nemelex Xobeh
Okawaru
Qazlal
Ru
Sif Muna
Trog
Uskayaw
Vehumet
Wu Jian
Xom
Yredelemnul
Zin
The Shining One

Shops:
D:3 *

Annotations:
D:4 3 runed translucent doors, bmj180's ghost, amateur MiFi
D:6 1 runed translucent door, PeterLawrence's ghost, novice MiFi


Innate Abilities, Weirdness & Mutations

You are a creature of crystalline ice.
You have a powerful freezing melee attack.
You are amphibious.
Your maximum health is increased.
Your armour is entirely melded.
You are incapable of wielding weapons or throwing items.
((You can breathe blasts of fire.))
((Your fiery red scales are hard. (AC +7)))
You cannot fit into any form of body armour.
((Your flesh is heat resistant. (rF+)))
((You are cold-blooded and may be slowed by cold attacks.))


Message History

a +2 falchion; a +0 robe You start resting.
Magic restored.
Your transformation is almost over.
There is a stone staircase leading down here.
You start resting.
You warm up again.
You start resting.
HP restored.
Casting: Ice Form (dangerous; 21% risk of failure)
Confirm with . or Enter, or press ? or * to list all spells.
You miscast Ice Form.
You are very lightly contaminated with residual magic.
Your limbs ache and wobble like jelly.
You start resting.
Magic restored.
Casting: Ice Form (dangerous; 21% risk of failure)
Confirm with . or Enter, or press ? or * to list all spells.
You turn into a creature of crystalline ice.
Your magical contamination has completely faded away.
You climb downwards.
Level annotation: 1 runed translucent door, PeterLawrence's ghost, novice MiFi The wight hits you with a +2 short sword.
You feel drained. The wight hits you with a +4 war axe!
You feel drained.
The wight hits you with a +2 short sword.
You feel drained. The wight hits you with a +4 war axe!
You feel drained.
There is a stone staircase leading up here.
The wight hits you with a +4 war axe!
The wight hits you with a +2 short sword!
You feel drained.
You climb upwards.
There is a stone staircase leading down here.
You punch the wight!
The wight is severely damaged.
The wight hits you with a +2 short sword!
* * * LOW HITPOINT WARNING * * *
You feel drained.
* * * LOW HITPOINT WARNING * * *
The wight hits you with a +4 war axe!
You die...

#.########..#
#.########
#...........# ###.#
##########..# #...#
#..# #<### #..# #.#
#..# #.# #..# #.#
#### #..#######.#
...# #.....zYz..#
...#######..#########
............#
..#########.#
............#
............#
.##########.#
.##########.#
............#


You could see 2 wights.

Vanquished Creatures
  Pikel (D:5)
  Grinder (D:3)
  Sigmund (D:6)
  A water moccasin (D:6)
  An ice beast (D:6)
  A necrophage (D:5)
  An ogre (D:6)
  4 lemures (D:5)
  A bullfrog (D:6)
  A water moccasin skeleton (D:5)
  A wight (D:5)
  A howler monkey (D:6)
  A centaur zombie (D:5)
  A bullfrog zombie (D:5)
  4 hounds
  3 jellies
  2 bullfrog skeletons
  A gnoll shaman (D:6)
  2 orc priests (D:5)
  A centaur skeleton (D:5)
  An orc wizard (D:4)
  Terence (D:3)
  2 iguanas
  Natasha (thrice) (D:3)
  A hound zombie (D:5)
  5 gnolls
  9 adders
  A white imp (D:6)
  3 ufetubi
  An adder skeleton (D:4)
  2 dart slugs
  9 orcs
  8 bats
  6 endoplasms
  4 giant cockroaches
  11 goblins
  7 hobgoblins
  6 jackals
  4 kobolds
  2 quokkas (D:4)
  9 ball pythons
  6 frilled lizards
  4 rats
135 creatures vanquished.

Notes
Turn   | Place    | Note
-------+----------+-------------------------------------------
     0 | D:1      | kae the Draconian Transmuter began the quest for the Orb.
     0 | D:1      | Reached XP level 1. HP: 16/16 MP: 3/3
    77 | D:1      | Reached XP level 2. HP: 22/23 MP: 3/5
   999 | D:1      | Reached XP level 3. HP: 27/28 MP: 6/6
  1003 | D:1      | Learned a level 3 spell: Spider Form
  1602 | D:2      | You fall into a shaft and drop 2 floors!
  1624 | D:4      | Found a runed translucent gate.
  1624 | D:4      | Found a runed translucent gate.
  1624 | D:4      | Noticed bmj180's ghost (amateur MiFi)
  1663 | D:4      | Reached XP level 4. HP: 22/35 MP: 7/7
  1830 | D:3      | Noticed Terence
  1848 | D:3      | Killed Terence
  1849 | D:3      | Reached skill level 1 in Poison Magic
  2505 | D:2      | Reached XP level 5. HP: 41/41 MP: 8/8
  2576 | D:2      | Found a faded altar of an unknown god.
  2706 | D:2      | Found a glowing golden altar of the Shining One.
  3332 | D:3      | Found Zin's Purification Station.
  3333 | D:3      | You fall into a shaft and drop 1 floor!
  4104 | D:3      | Noticed Grinder
  4105 | D:3      | Paralysed by Grinder for 5 turns
  4146 | D:3      | Found a glowing silver altar of Zin.
  4169 | D:3      | Noticed Natasha
  4179 | D:3      | Killed Natasha
  4358 | D:3      | Noticed Natasha
  4365 | D:3      | Killed Natasha
  4366 | D:3      | Reached XP level 6. HP: 41/49 MP: 10/10
  4426 | D:3      | Noticed Natasha
  4436 | D:3      | Killed Natasha
  4521 | D:3      | Paralysed by Grinder for 5 turns
  4527 | D:3      | Killed Grinder
  4781 | D:3      | Your scales start taking on a fiery red colour.
  4781 | D:3      | Reached XP level 7. HP: 56/56 MP: 11/11
  4781 | D:3      | Gained mutation: Your flesh is heat resistant. (rF+) [Red
                  | Draconian growth]
  4786 | D:3      | Learned a level 4 spell: Ice Form
  5541 | D:4      | Found a runed translucent gate.
  5627 | D:5      | Entered Level 5 of the Dungeon
  5678 | D:5      | Reached skill level 5 in Unarmed Combat
  5678 | D:5      | Reached skill level 1 in Ice Magic
  5989 | D:5      | Found a staircase to the Ecumenical Temple.
  6195 | Temple   | Entered the Ecumenical Temple
  6254 | Temple   | Became a worshipper of Ru the Awakened
  6492 | D:5      | Found a shadowy altar of Dithmenos.
  6676 | D:5      | Noticed Pikel
  6712 | D:5      | Reached skill level 5 in Transmutations
  6793 | D:5      | Killed Pikel
  6794 | D:5      | Reached XP level 8. HP: 66/66 MP: 13/13
  6867 | D:5      | Found a stormy altar of Qazlal.
  7123 | D:6      | Learned a level 5 spell: Hydra Form
  7477 | D:6      | Found a runed translucent door.
  7481 | D:6      | Found a shimmering altar of Xom.
  7481 | D:6      | Noticed PeterLawrence's ghost (novice MiFi)
  7482 | D:6      | Noticed a +2 war axe of chaos
  8008 | D:6      | Noticed Sigmund
  8157 | D:6      | Killed Sigmund
  8158 | D:6      | Reached XP level 9. HP: 72/72 MP: 15/15
  8224 | D:6      | Found a white marble altar of Elyvilon.
  8225 | D:6      | Found an ornate altar of the Wu Jian Council.
  8747 | D:5      | Slain by a wight

Illustrated notes

Levels and vault maps discovered:
D:1:      lemuel_arrival_muddy, layout_loops_corners, minmay_unequal
D:2:      layout_basic, basic_altar, basic_ecumenical_altar,
          mrwooster_statue_mirror
D:3:      layout_loops_cross, zin_purify, kennysheep_pointless_box,
          chequers_serial_rivers_room_a, uniq_natasha, uniq_grinder,
          uniq_terence
D:4:      layout_gridville, gammafunk_ghost_split
D:5:      layout_loops_ring, nicolae_dithmenos_the_darkroom,
          nicolae_overflow_crystal_walls, temple_pool_b,
          small_statue_intersection, uniq_pikel
D:6:      layout_cave_pools, gammafunk_temple_overflow_statue, serial_glass,
          glass_columns_a, glass_columns_c, feat_on_display, item_on_display_a,
          due_unseen_surprise, feat_on_display, ebering_ghost_xom, st_stairs_1,
          kennysheep_big_empty_room, minmay_fountain_box, uniq_sigmund
Temple:   zaba_magenta_temple

Skill      XL: |  1  2  3  4  5  6  7  8 |
---------------+-------------------------+-----
Dodging        | 2 3 4 |  4.1
Transmutations | 3 4 5 6 |  6.4
Poison Magic   | 1 2 |  2.0
Fighting       | 2 4 |  4.7
Unarmed Combat | 4 5 6 |  6.7
Spellcasting   | 3 4 |  4.2
Ice Magic      | 2 3 |  3.0

Action                   |  1- 3 |  4- 6 |  7- 9 || total
-------------------------+-------+-------+-------++-------
Melee: Unarmed           |    84 |   131 |   233 ||   448
       Headbutt          |     9 |     6 |     2 ||    17
       Punch             |     2 |     1 |     1 ||     4
       Kick              |    11 |    10 |     1 ||    22
       Tailslap          |     7 |    11 |     4 ||    22
 Cast: Beastly Appendage |    21 |    25 |     2 ||    48
       Spider Form       |       |     9 |    24 ||    33
       Ice Form          |       |       |     5 ||     5
 Abil: Breathe Fire      |       |       |     2 ||     2
  Use: Scroll            |     2 |     3 |     5 ||    10
 Stab: Sleeping          |       |     1 |       ||     1
Armor: Skin              |    30 |    30 |    33 ||    93
Dodge: Dodged            |    70 |   101 |   246 ||   417

Table legend: (Time is in decaauts)
 A = Elapsed time spent in this place.
 B = Non-inter-level travel time spent in this place.
 C = Inter-level travel time spent in this place.
 D = Time resting spent in this place.
 E = Time spent auto-exploring this place.
 F = Levels seen in this place.
 G = Mean time per level.
                   A        B        C        D        E       F      G
               +--------+--------+--------+--------+--------+-----+--------+
         Total |   8740 |   8601 |    139 |   1204 |   6266 |   7 | 1248.6 |
       Dungeon |   8666 |   8541 |    125 |   1204 |   6212 |   6 | 1444.3 |
        Temple |     74 |     60 |     14 |      0 |     54 |   1 |   74.0 |
               +--------+--------+--------+--------+--------+-----+--------+

Top non-repeatable levels by time:
     D:5: 2213 daAuts
     D:4: 1546 daAuts
     D:3: 1430 daAuts
     D:2: 1366 daAuts
     D:1: 1300 daAuts
     D:6: 809 daAuts
  Temple: 74 daAuts
